 Dungeon Crawl Stone Soup version 0.27.0-66-gdc8fb28755 (webtiles) character file.

Game seed: 520054868082868172

81 Malachi the Chopper (level 4, 35/35 HPs)
             Began as a Demonspawn Berserker on Aug 20, 2021.
             Was a Believer of Trog.
             Got out of the dungeon alive.
             The game lasted 00:01:26 (1668 turns).

Malachi the Chopper (Demonspawn Berserker)          Turns: 1668, Time: 00:01:27

Health: 35/35      AC: 12    Str: 18    XL:     4   Next: 20%
Magic:  4/4        EV:  6    Int:  8    God:    Trog [**....]
Gold:   71         SH:  0    Dex: 13    Spells: 3/3 levels left

rFire    . . .     SeeInvis .   a - +0 hand axe
rCold    . . .     Faith    .   (no shield)
rNeg     . . .     Spirit   .   f - +0 plate armour
rPois    .         Reflect  .   (no helmet)
rElec    .         Harm     .   (no cloak)
rCorr    .         Rampage  .   (no gloves)
Will     .....                  b - +0 pair of boots
Stlth    ..........             (no amulet)
HPRegen  0.11/turn              (no ring)
MPRegen  0.18/turn              (no ring)

@: no status effects
A: magic regeneration, demonic magic 1
a: Renounce Religion, Berserk, Trog's Hand


You escaped.
You worshipped Trog.
Trog was pleased with you.
You visited 1 branch of the dungeon, and saw 2 of its levels.

You collected 71 gold pieces.

Inventory:

Hand Weapons
 a - a +0 hand axe (weapon)
Missiles
 d - 4 boomerangs of dispersal (quivered)
Armour
 b - a +0 pair of boots (worn)
 f - a +0 plate armour (worn)
Scrolls
 e - 2 scrolls of blinking {unknown}
 g - a scroll of teleportation {unknown}
 h - a scroll of fear {unknown}
 i - a scroll of enchant armour {unknown}
Potions
 c - 2 potions of attraction {unknown}
 j - a potion of degeneration {unknown}


   Skills:
 + Level 3.4 Fighting
 + Level 3.7 Axes
 + Level 2.2 Armour
 + Level 2.1 Dodging
 + Level 0.5 Stealth


You had 3 spell levels left.
You didn't know any spells.
Your spell library was empty.

Dungeon Overview and Level Annotations

Branches:
Dungeon (2/15)

Altars:
Ashenzari


Innate Abilities, Weirdness & Mutations

You regenerate magic rapidly.
Spells you cast may paralyse adjacent enemies.


Message History

You barely miss Jessica. Jessica hits you with a +0 dagger.
You hit Jessica but do no damage. Jessica hits you with a +0 dagger.
You barely miss Jessica. Jessica casts a spell at you.
You resist with some effort.
You hit Jessica.
Jessica is moderately wounded.
Jessica hits you but does no damage.
You closely miss Jessica.
Jessica is moderately wounded.
Jessica gestures wildly while chanting.
Jessica blinks!
No target in view!
No target in view!
Jessica is nearby!
Jessica is nearby!
Jessica hits you but does no damage.
You barely miss Jessica.
Jessica is moderately wounded.
Jessica closely misses you. Jessica hits you but does no damage.
You hit Jessica.
You kill Jessica!
Trog accepts your kill.
Trog appreciates your killing of a magic user.
You have reached level 4!
You feel agile.
Your demonic ancestry asserts itself...
A menacing aura infuses your magic.
You see here 14 stones.
You open the door.
There is an open door here.
There is an escape hatch in the ceiling here.
A mysterious force pulls you upwards. The hatch slams shut behind you.
Unknown command.
Things that are here:
4 stones; a +0 short sword
There is an open door here.
There is a staircase leading out of the dungeon here.
There is a staircase leading out of the dungeon here.
Are you sure you want to leave the Dungeon?
This will make you lose the game!
You have escaped!

#......# #.####..####.
###.##.#.###....##..#...
######...##.#..#####.###...##
#....#.####.##..# ##.##....##
#....#.# #.###.# #...#.#....
#......# #########.#...#####
#....#### ##≈≈≈≈≈##'##..## ##
#..)....###........8###..###.
#....#####..@.........+..#...
#....#..###........8####...##
######...###≈≈≈≈≈##+#..#.....
#.....########.........(
#..........#######......
#...................#...
#.......................
#..........#############
#..........#


There were no monsters in sight!

Vanquished Creatures
  Jessica (D:2)
  An adder (D:2)
  A dart slug (D:1)
  A bat (D:1)
  5 endoplasms
  2 giant cockroaches
  3 goblins (D:1)
  2 hobgoblins
  10 jackals
  2 quokkas (D:1)
  4 ball pythons
  A frilled lizard (D:1)
  2 kobolds (D:1)
  3 rats (D:2)
38 creatures vanquished.

Notes
Turn   | Place    | Note
-------+----------+-------------------------------------------
     0 | D:1      | Malachi the Demonspawn Berserker began the quest for the
                  | Orb.
     0 | D:1      | Reached XP level 1. HP: 18/18 MP: 1/1
   216 | D:1      | Gained mutation: You regenerate magic rapidly. [demonic
                  | ancestry]
   216 | D:1      | Reached XP level 2. HP: 21/24 MP: 2/2
   780 | D:1      | Reached XP level 3. HP: 28/29 MP: 3/3
  1165 | D:2      | Reached ** piety under Trog
  1488 | D:2      | Found a broken altar of Ashenzari.
  1583 | D:2      | Noticed Jessica
  1594 | D:2      | Killed Jessica
  1595 | D:2      | Gained mutation: Spells you cast may paralyse adjacent
                  | enemies. [demonic ancestry]
  1595 | D:2      | Reached XP level 4. HP: 32/35 MP: 4/4
  1668 | D:$      | Got out of the dungeon alive.

Illustrated notes

Levels and vault maps discovered:
D:1:      wander_arrival_chamber, layout_rooms
D:2:      kennysheep_big_flooded_room, layout_basic,
          shapermc_ecumenical_altar_ellora, basic_altar, serial_corexii_hall,
          corexii_hall_statues_l, corexii_hall_statues_i, minmay_bisected,
          uniq_jessica

Skill      XL: |  1  2  3 |
---------------+----------+-----
Armour         | 2 |  2.2
Axes           | 3 |  3.7
Dodging        | 2 |  2.1
Fighting       | |  3.4
Stealth        | |  0.5

Action                   |  1- 3 |  4- 6 || total
-------------------------+-------+-------++-------
Melee: Hand axe          |   100 |       ||   100
Invok: Berserk           |     1 |       ||     1
Armor: Animal skin       |    12 |       ||    12
       Plate armour      |    30 |       ||    30
Dodge: Dodged            |    46 |       ||    46
